 Dungeon Crawl Stone Soup version 0.31.0-9-g3a7656b989 (webtiles) character file.

Game seed: 10504654925502624445

623 qw the Ducker (level 7, 0/35 HPs)
             Began as a Spriggan Hunter on Feb 2, 2024.
             Killed by divine providence
             ... invoked by an orc priest
              (10 damage)
             ... on level 5 of the Dungeon.
             The game lasted 00:00:11 (3078 turns).

qw the Ducker (Spriggan Hunter)                     Turns: 3078, Time: 00:00:11

Health: 0/35       AC:  2    Str: 15    XL:     7   Next: 22%
Magic:  8/8        EV: 29    Int: 10    God:
Gold:   294        SH:  0    Dex: 26    Spells: 6/6 levels left

rFire   . . .        a - +1 shortbow
rCold   + . .        (shield currently unavailable)
rNeg    . . .        c - +0 robe
rPois   .            (helmet restricted)
rElec   +            (no cloak)
rCorr   .            (gloves unavailable)
SInv    +            (boots unavailable)
Will    +....        (no amulet)
Stlth   +++          j - ring of Wisdom {Fly rElec Str+4 Stlth+}
HPRegen 0.25/turn    f - ring "Fochur" {rC+ EV+5 Str+4 Dex+5}
MPRegen 0.11/turn

%: no passive effects
@: flying, very quick
A: very small, no large weapons, unfitting armour, see invisible, speed 3
a: no special abilities


You were on level 5 of the Dungeon.
You visited 1 branch of the dungeon, and saw 6 of its levels.

You collected 294 gold pieces.


Innate Abilities, Weirdness & Mutations

You are very small and have problems with some larger weapons.
You are too small for most types of armour.
You have supernaturally acute eyesight. (SInv)
You cover ground extremely quickly. (Speed+++)


   Skills:
 - Level 2.0 Fighting
 - Level 7.0 Ranged Weapons
 + Level 7.3 Dodging
 - Level 1.5 Stealth


You had 6 spell levels left.
You didn't know any spells.
Your spell library was empty.

Inventory:

Hand Weapons
 a - a +1 shortbow (weapon)
Armour
 c - a +0 robe (worn)
Jewellery
 f - the ring "Fochur" (right hand) {rC+ EV+5 Str+4 Dex+5}
   (You acquired it on level 3 of the Dungeon)

   [ring of evasion]

   EV+5:      It affects your evasion (+5).
   Str+4:     It affects your strength (+4).
   Dex+5:     It affects your dexterity (+5).
   rC+:       It protects you from cold.
 j - the ring of Wisdom (left hand) {Fly rElec Str+4 Stlth+}
   (You found it on level 4 of the Dungeon)

   [ring of flight]

   Str+4:     It affects your strength (+4).
   rElec:     It insulates you from electricity.
   Fly:       It grants you flight.
   Stlth+:    It makes you more stealthy.
 Y - a ring of resist corrosion
Scrolls
 i - 3 scrolls of teleportation
Potions
 d - 2 potions of resistance
 e - 2 potions of enlightenment
 g - a potion of mutation
 h - a potion of heal wounds
 l - a potion of berserk rage {unknown}

Dungeon Overview and Level Annotations

Branches:
Dungeon (6/15)
 Temple: D:4-7

Altars:
Ashenzari
Qazlal
Sif Muna
Xom


Message History

You kill the adder!
Found a stone staircase leading down.
You see here an adder corpse.
Found 8 stones.
Done exploring.
Done exploring.
3032 ||| READING scroll of identify.
3032 ||| IDENTIFYING murky ruby potion
As you read the scroll of identify, it crumbles to dust.
k - a potion of invisibility Done exploring.
3033 ||| DROPPING potion of invisibility.
You drop a potion of invisibility.
Done exploring.
What level of the Dungeon? (default 5, ? - help)
There is a stone staircase leading down here.
You fly downwards.
Found 16 gold pieces.
There is a stone staircase leading up here.
There are monsters nearby!
Waypoint 5 assigned to D:6.
You shoot an arrow.
The arrow hits the orc priest but does no damage.
The orc priest shouts!
The orc priest shouts!
The orc wizard shouts!
The orc priest mumbles some strange prayers to Beogh against you.
Beogh smites you!
An orc wizard comes into view. It is wielding a +0 dagger.
3075 ||| STAIRDANCE The orc priest closely misses you.
You fly upwards.
There is a stone staircase leading down here.
You shoot an arrow.
The arrow closely misses the orc priest.
The orc priest invokes the aid of Beogh against you.
Beogh smites you!
You shoot an arrow. The arrow hits the orc priest!
The orc priest is severely wounded.
The orc priest mumbles some strange prayers to Beogh against you.
Beogh smites you!
You die...

## #.
#################.
#@..............#.
#o................
#######%###)##....
#.....##.#..
#.######.##. #.#
#.##. ### #....
##########.
#........#.


You could see an orc priest.

Vanquished Creatures
  A sky beast (D:5)
  An ogre (D:5)
  A centaur (D:5)
  2 scorpions
  A bombardier beetle (D:5)
  A hound (D:3)
  A sleepcap (D:5)
  2 iguanas (D:5)
  5 adders
  3 dart slugs
  2 ribbon worms
  6 orcs
  4 bats
  9 endoplasms
  A giant cockroach (D:3)
  2 goblins (D:4)
  6 hobgoblins
  5 kobolds
  2 ball pythons
  A frilled lizard (D:3)
  2 rats
58 creatures vanquished.

Notes
Turn   | Place    | Note
-------+----------+-------------------------------------------
     0 | D:1      | qw the Spriggan Hunter began the quest for the Orb.
     0 | D:1      | Reached XP level 1. HP: 10/10 MP: 2/2
     0 | D:1      | 0 ||| qw: Version: 0.3-a-155-g5e7d8dd
     0 | D:1      | 0 ||| qw: Game counter: 2874
     0 | D:1      | 0 ||| qw: Melee chars always use a shield: true
     0 | D:1      | 0 ||| qw: God list: Okawaru
     0 | D:1      | 0 ||| qw: Allow faded altars: false
     0 | D:1      | 0 ||| qw: Do Orc after clearing Dungeon:15 true
     0 | D:1      | 0 ||| qw: Do second Lair branch before Depths: true
     0 | D:1      | 0 ||| qw: Lair rune preference: random
     0 | D:1      | 0 ||| qw: Goals: Normal
     0 | D:1      | 0 ||| PLANNING D:1-11
    56 | D:1      | Found a faded altar of an unknown god.
   176 | D:1      | Reached skill level 3 in Dodging
   295 | D:1      | Reached XP level 2. HP: 14/14 MP: 3/3
   432 | D:1      | 432 ||| READING scroll labelled ILAECL ELIO.
   433 | D:1      | 433 ||| READING scroll labelled HUIHIKHL LYRIM.
   433 | D:1      | 433 ||| IDENTIFYING dark potion
   434 | D:1      | 434 ||| READING 2 scrolls labelled FENKYE TYXAOGU.
   438 | D:1      | 438 ||| DROPPING scroll of butterflies.
   782 | D:2      | Reached XP level 3. HP: 16/18 MP: 4/4
   836 | D:2      | 836 ||| UPGRADING to ring of resist corrosion.
   837 | D:2      | 837 ||| READING 3 scrolls of identify.
   837 | D:2      | 837 ||| IDENTIFYING glowing white potion
   838 | D:2      | 838 ||| READING 2 scrolls of identify.
   838 | D:2      | 838 ||| IDENTIFYING inky potion
   839 | D:2      | 839 ||| READING scroll of identify.
   839 | D:2      | 839 ||| IDENTIFYING coppery potion
   840 | D:2      | 840 ||| READING scroll labelled MEMEID LOCH.
   840 | D:2      | 840 ||| ENCHANTING +0 shortbow.
   939 | D:3      | Reached XP level 4. HP: 12/22 MP: 5/5
  1065 | D:3      | Found a shimmering altar of Xom.
  1330 | D:3      | 1330 ||| READING scroll labelled JUIS ZEEMAH LUS.
  1431 | D:3      | 1431 ||| READING scroll labelled FUC XODIWK.
  1432 | D:3      | 1432 ||| READING scroll labelled XYSURGH USAS.
  1433 | D:3      | 1433 ||| READING scroll labelled XEYJOI PACZYXU.
  1433 | D:3      | Identified a scroll of acquirement
  1433 | D:3      | 1433 ||| ACQUIRING ring "Fochur" {rC+ EV+5 Str+4 Dex+5}
  1433 | D:3      | Acquired the ring "Fochur" {rC+ EV+5 Str+4 Dex+5}
  1435 | D:3      | 1435 ||| UPGRADING to ring "Fochur" {rC+ EV+5 Str+4 Dex+5}.
  1736 | D:4      | Found a shimmering blue altar of Sif Muna.
  1774 | D:4      | Noticed a scorpion
  1784 | D:4      | Killed a scorpion
  1785 | D:4      | Reached XP level 5. HP: 13/25 MP: 6/6
  1933 | D:4      | Identified the ring of Wisdom {Fly rElec Str+4 Stlth+}
  2186 | D:4      | Found a broken altar of Ashenzari.
  2332 | D:4      | 2332 ||| UPGRADING to ring of Wisdom {Fly rElec Str+4
                  | Stlth+}.
  2334 | D:4      | 2334 ||| READING scroll labelled DIJAIB KIUWN.
  2378 | D:5      | Entered Level 5 of the Dungeon
  2384 | D:5      | Found a stormy altar of Qazlal.
  2384 | D:5      | Noticed a sky beast
  2398 | D:5      | Killed a sky beast
  2535 | D:5      | Reached XP level 6. HP: 30/30 MP: 7/7
  2638 | D:5      | 2638 ||| FLEEEEING.
  2639 | D:5      | 2639 ||| FLEEEEING.
  2640 | D:5      | 2640 ||| FLEEEEING.
  2641 | D:5      | 2641 ||| FLEEEEING.
  2642 | D:5      | 2642 ||| FLEEEEING.
  2644 | D:5      | 2644 ||| FLEEEEING.
  2652 | D:5      | HP: 2/30 [centaur/arrow (9)]
  2653 | D:5      | 2653 ||| READING 4 scrolls of teleportation.
  2654 | D:5      | 2654 ||| DRINKING 2 potions of heal wounds.
  2656 | D:5      | Reached skill level 6 in Ranged Weapons
  2805 | D:5      | Reached XP level 7. HP: 35/35 MP: 8/8
  3032 | D:5      | 3032 ||| READING scroll of identify.
  3032 | D:5      | 3032 ||| IDENTIFYING murky ruby potion
  3033 | D:5      | 3033 ||| DROPPING potion of invisibility.
  3075 | D:6      | 3075 ||| STAIRDANCE
  3078 | D:5      | Killed from afar by an orc priest

Levels and vault maps discovered:
D:1:      matt_arrival_refuge, layout_basic, ebering_ecumenical_altar_abandoned,
          corexii_leaking_fountain, minivault_24
D:2:      layout_rooms
D:3:      minmay_door_path, layout_rooms, general_overflow_altar
D:4:      layout_basic, kennysheep_little_box, nicolae_overflow_hidden_temple
D:5:      layout_basic, nicolae_qazlal_beasts_of_the_sky, serial_corexii_hall,
          corexii_hall_statues_l, corexii_hall_statues_x
D:6:      layout_cave_pools, cheibrodos_worm_habitat, tso_metal_star,
          zin_statuary, marbit_many_paths, uniq_maggie, uniq_edmund

Skill      XL: |  1  2  3  4  5  6  7 |
---------------+----------------------+-----
Dodging        | 3 4 5 7 |  7.3
Ranged Weapons | 5 6 7 |  7.0
Fighting       | 2 |  2.0
Stealth        | |  1.5

Action                     |  1- 3 |  4- 6 |  7- 9 || total
---------------------------+-------+-------+-------++-------
   Fire: Shortbow          |    55 |   112 |    24 ||   191
    Use: Scroll            |     7 |     6 |     1 ||    14
         Potion            |       |     1 |       ||     1
 Armour: Robe              |     7 |     8 |       ||    15
  Dodge: Dodged            |    11 |    38 |    14 ||    63

Table legend:
 A = Non-vault XP
 B = Vault XP
 C = Vault XP percentage of total XP
 D = Non-vault monster count
 E = Vault monster count
 F = Vault count percentage of total count
                 A         B        C        D         E       F
            +---------+---------+-------+---------+---------+-------
      Total |     751 |     140 |  15.7 |      55 |       3 |   5.2
            +---------+---------+-------+---------+---------+-------
        D:1 |      14 |       0 |   0.0 |       7 |       0 |   0.0
        D:2 |      31 |       0 |   0.0 |       9 |       0 |   0.0
        D:3 |      68 |       4 |   5.6 |      14 |       2 |  12.5
        D:4 |      92 |       0 |   0.0 |       8 |       0 |   0.0
        D:5 |     546 |     136 |  19.9 |      17 |       1 |   5.6
            +---------+---------+-------+---------+---------+-------
